 Dungeon Crawl Stone Soup version 0.29.1 (webtiles) character file.

Game seed: 7021916520228333401

47 greasedhog the Trooper (level 3, -3/26 HPs)
             Began as a Gargoyle Wanderer on Sept 12, 2022.
             Killed from afar by an orc wizard (5 damage)
             ... with a puff of flame
             ... on level 2 of the Dungeon.
             The game lasted 00:02:54 (2553 turns).

greasedhog the Trooper (Gargoyle Wanderer)          Turns: 2553, Time: 00:02:55

Health: -3/26      AC:  8    Str: 25 (28) XL:     3   Next: 70%
Magic:  3/4        EV: 11    Int:  7 (9)  God:
Gold:   171        SH:  0    Dex:  4 (7)  Spells: 3/4 levels left

rFire   . . .      SeeInvis .   h - +2 dagger (flame)
rCold   . . .      Faith    .   (no shield)
rNeg    + . .      Spirit   .   c - +0 leather armour
rPois   ∞          Reflect  .   g - +2 hat
rElec   +          Harm     .   (no cloak)
rCorr   .          Rampage  .   (no gloves)
Will    .....                   (no boots)
Stlth   ..........              (no amulet)
HPRegen 0.08/turn               f - +6 ring of strength
MPRegen 0.09/turn               (no ring)

@: confused, flying, hasted, very quick
A: sickness immunity, AC +3, negative energy resistance 1, electricity
resistance, torment resistance 1, petrification resistance, big wings, horns 2,
large bone plates 1
a: no special abilities


You were on level 2 of the Dungeon.
You visited 1 branch of the dungeon, and saw 3 of its levels.

You collected 171 gold pieces.

Inventory:

Hand Weapons
 h - a +2 dagger of flaming (weapon)
Armour
 c - a +0 leather armour (worn)
 g - a +2 hat (worn)
Jewellery
 f - a +6 ring of strength (left hand)
Scrolls
 i - a scroll of teleportation {unknown}
Potions
 d - 2 potions of attraction


   Skills:
 - Level 5.0 Fighting
 * Level 2.1 Maces & Flails
 - Level 1.0 Throwing
 * Level 1.6 Armour
 - Level 1.0 Dodging
 - Level 1.0 Spellcasting
 - Level 2.4 Earth Magic


You had 3 spell levels left.
You knew the following spells:

 Your Spells              Type           Power      Damage    Failure   Level
a - Sandblast             Erth           6%         2d5       19%         1

Your spell library contained the following spells:

 Spells                   Type           Power      Damage    Failure   Level
 Summon Small Mammal      Summ           0%         N/A       43%         1
 Blink                    Tloc           0%         N/A       58%         2
 Stone Arrow              Conj/Erth      4%         3d7       65%         3
 Call Canine Familiar     Summ           0%         N/A       82%         3
 Summon Guardian Golem    Hex/Summ       0%         N/A       82%         3
 Animate Armour           Summ/Erth      4%         N/A       96%         4
 Manifold Assault         Tloc           0%         N/A       100%        5
 Storm Form               Tmut/Air       0%         N/A       100%        7


Dungeon Overview and Level Annotations

Branches:
Dungeon (3/15)

Altars:


Innate Abilities, Weirdness & Mutations

You are immune to sickness and miasma.
Your stone body is resilient. (AC +3)
You are immune to poison.
You resist negative energy. (rN+)
You are resistant to electric shocks. (rElec)
You are resistant to unholy torment.
You are immune to petrification.
Your large and strong wings let you fly.
You have a pair of horns on your head.
You are partially covered in large bone plates. (SH +4)


Message History

You are confused.
You miss something.
You hear some strange, mumbled words.
A puff of flame appears from out of thin air!
The puff of flame hits you!
* * * LOW HITPOINT WARNING * * *
It was a potion of mutation.
You feel extremely strange.
Large bone plates grow over parts of your arms.
Your wings grow larger and stronger.
A pair of horns grows on your head! The horns on your head grow some more.
An orc wizard appears from thin air!
Reactivating autopickup.
The orc wizard points at you and mumbles some strange words.
You are more confused.
You feel yourself speed up.
The orc wizard hits you but does no damage.
You barely miss the orc wizard.
The orc wizard is almost dead.
The orc wizard hits you but does no damage.
The orc wizard misses you.
You bump into the rock wall.
The orc wizard gestures wildly while chanting.
The orc wizard flickers and vanishes!
Deactivating autopickup; reactivate with Ctrl-A.
You see here 8 stones.
You hear some strange, mumbled words.
You are more confused.
You bump into the rock wall.
A magic dart appears from out of thin air!
The magic dart hits you but does no damage.
Something hits you but does no damage.
You bump into the rock wall.
You miss something. Something hits you but does no damage.
You bump into the rock wall.
Something hits you but does no damage.
You barely miss something. You miss something.
You hear some strange, mumbled words.
A puff of flame appears from out of thin air!
The puff of flame hits you.
You die...

#............................#
##.#########################.#
#.#<.....# #.# #.######.# #.#
#.# #.########## #.# #.#
#.#........# #.### #.#
#.#.######.# #.##. #.#
#.#.#....#.#########.##. #.#
#.#.#.{@(...............
#.######.#.#.#.......<......##.
#........#.#.#####.############
##########.#.# #.##
#.....#.#####..#
#.###.....^.##.# #.#
#..<....##.###
#.###.......##...#########
#.........................


There were no monsters in sight!

Vanquished Creatures
  An adder (D:2)
  2 dart slugs (D:1)
  2 bats
  6 endoplasms
  6 goblins
  3 hobgoblins (D:1)
  3 kobolds (D:1)
  2 ball pythons
  2 frilled lizards
  3 rats
30 creatures vanquished.

Notes
Turn   | Place    | Note
-------+----------+-------------------------------------------
     0 | D:1      | greasedhog the Gargoyle Wanderer began the quest for the
                  | Orb.
     0 | D:1      | greasedhog set off with the following items: a +0 club, a
                  | +0 helmet, a +0 leather armour, 2 potions of attraction;
                  | and the following spell memorised: Sandblast; and the
                  | following spells available to memorise: Stone Arrow,
                  | Animate Armour.
     0 | D:1      | Reached XP level 1. HP: 16/16 MP: 2/2
   343 | D:1      | Reached skill level 1 in Maces & Flails
   343 | D:1      | Reached XP level 2. HP: 16/20 MP: 3/3
   465 | D:1      | HP: 1/20 [dart slug/slug dart (4)]
  1165 | D:1      | Reached XP level 3. HP: 25/25 MP: 4/4
  1387 | D:1      | Reached skill level 5 in Fighting
  2537 | D:2      | HP: 1/26 [something/puff of flame (11)]
  2538 | D:2      | Gained mutation: You are partially covered in large bone
                  | plates. (SH +4) [potion of mutation]
  2538 | D:2      | Gained mutation: Your large and strong wings let you fly.
                  | [potion of mutation]
  2538 | D:2      | Gained mutation: You have a pair of small horns on your
                  | head. [potion of mutation]
  2538 | D:2      | Gained mutation: You have a pair of horns on your head.
                  | [potion of mutation]
  2553 | D:2      | Killed from afar by an orc wizard

Illustrated notes

Levels and vault maps discovered:
D:1:      dpeg_arrival_circle_labyrinth_c, layout_loops_ring, minmay_cupped
D:2:      layout_basic, hex_tiny
D:3:      layout_basic, ebering_ecumenical_altar_sacrificial, uniq_robin

Skill      XL: |  1  2  3 |
---------------+----------+-----
Maces & Flails | 1 2 |  2.1
Fighting       | 5 |  5.0
Throwing       | |  1.0
Armour         | |  1.6
Dodging        | |  1.0
Spellcasting   | |  1.0
Earth Magic    | |  2.4

Action                   || total
-------------------------++-------
Melee: Club              ||    77
       Dagger            ||    69
 Cast: Sandblast         ||     2
  Use: Scroll            ||     4
       Potion            ||     4
Armor: Leather armour    ||    65
Dodge: Dodged            ||    74
